 Dungeon Crawl Stone Soup version 0.24-a0-415-g6d73c25c48 (webtiles) character file.

Game seed: 3712540821770358688

35911 ohad the Black Belt (level 13, -5/92 HPs)
             Began as an Octopode Transmuter on June 7, 2019.
             Was an Initiate of Gozag.
             Shot with an arrow by Nessos (23 damage)
             ... on level 5 of the Lair of Beasts.
             The game lasted 00:51:14 (25201 turns).

ohad the Black Belt (Octopode Transmuter)          Turns: 25201, Time: 00:51:15

Health: -5/92      AC:  1    Str: 11    XL:     13   Next: 86%
Magic:  18/22      EV: 19    Int: 19    God:    Gozag
Gold:   790        SH:  2    Dex: 12    Spells: 9/24 levels left

rFire    . . .     SeeInvis +     - Unarmed
rCold    . . .     Gourm    .   (shield currently unavailable)
rNeg     . . .     Faith    .   (helmet restricted)
rPois    +         Spirit   .   f - +2 amulet of reflection
rElec    .         Reflect  +   r - ring of see invisible
rCorr    .         Harm     .   M - ring of poison resistance
MR       .....                  O - +4 ring of slaying
Stlth    ++++......             (no ring)
HPRegen  0.25/turn              (no ring)
MPRegen  0.18/turn              (no ring)
                                (no ring)
                                (no ring)

@: blade tentacles (expiring)
A: almost no armour, stealthy swim, amphibious, 8 rings, constrict 8, camouflage
1, gelatinous body 1
a: End Transformation, Potion Petition, Call Merchant, Bribe Branch, Renounce
Religion


You were on level 5 of the Lair of Beasts.
You worshipped Gozag.
Gozag was pleased with you.
You were not hungry.
You had blades for tentacles.
You visited 3 branches of the dungeon, and saw 16 of its levels.

You collected 3622 gold pieces.
You spent 1540 gold pieces at shops.
You paid 1292 gold pieces to Gozag.

Inventory:

Hand Weapons
 e - the +6 fustibalus of Dishonesty {velocity, rC+ Dex+4 Stlth+, unknown}
   (You found it on level 4 of the Dungeon)

   Any stone fired from it inflicts extra damage.
   It affects your dexterity (+4).
   It protects you from cold.
   It makes you more stealthy.
 j - a +3 dagger
Missiles
 a - 131 arrows
 b - 66 poisoned darts (quivered)
 g - 4 javelins
 p - 2 throwing nets
 u - 29 boomerangs
 B - 3 atropa-tipped darts
Armour
 x - a +0 shield
Magical Staves
 t - a cursed staff of wizardry {unknown}
 D - an uncursed staff of air {unknown}
Jewellery
 f - a +2 amulet of reflection (around mantle)
 r - a ring of see invisible (left scythe-like blade)
 v - an uncursed ring of ice
 M - a ring of poison resistance (right scythe-like blade)
 O - a +4 ring of slaying (on tentacle)
 Q - an uncursed ring of ice
Wands
 A - a wand of acid (12)
 E - a wand of random effects (49)
 I - a wand of disintegration (26)
 J - a wand of clouds (12)
 K - a wand of paralysis (6)
Scrolls
 h - 3 scrolls of enchant armour
 k - 5 scrolls of immolation
 l - 4 scrolls of amnesia {unknown}
 m - a scroll of noise
 n - 4 scrolls of magic mapping
 o - 3 scrolls of enchant weapon {unknown}
 q - 8 scrolls of remove curse
 y - 2 scrolls of fog {unknown}
 G - 2 scrolls of teleportation
 N - a scroll of brand weapon
Potions
 i - 3 potions of might
 w - a potion of flight
 z - a potion of invisibility
 C - 4 potions of berserk rage
 F - 8 potions of curing
 H - 3 potions of lignification
 L - a potion of mutation
Comestibles
 c - 26 rations


   Skills:
 - Level 10.1 Fighting
 + Level 10.6 Dodging
 - Level 5.2 Stealth
 - Level 15.0 Unarmed Combat
 - Level 6.4 Spellcasting
 - Level 6.5 Transmutations
 - Level 3.4 Ice Magic


You had 9 spell levels left.
You knew the following spells:

 Your Spells              Type           Power        Failure   Level  Hunger
a - Beastly Appendage     Tmut           ####..       13%         1    None
b - Sticks to Snakes      Tmut           ####....     16%         2    None
c - Spider Form           Tmut/Pois      ###.......   43%         3    ##.....
d - Ice Form              Ice/Tmut       ####....     54%         4    ####...
e - Blade Hands           Tmut           ####......   63%         5    #####..

Your spell library contained the following spells:

 Spells                   Type           Power        Failure   Level  Hunger
 Confusing Touch          Hex            #.....       47%         1    None
 Corona                   Hex            #......      47%         1    None
 Infusion                 Chrm           #...         47%         1    None
 Shroud of Golubria       Chrm/Tloc      #.....       56%         2    None
 Slow                     Hex            #.......     56%         2    None
 Song of Slaying          Chrm           #.......     56%         2    None
 Petrify                  Tmut/Erth      ###.....     71%         4    ####...
 Confuse                  Hex            #.......     75%         3    ##.....
 Gell's Gravitas          Tloc           #.........   75%         3    ##.....
 Inner Flame              Hex/Fire       #.......     75%         3    ##.....
 Portal Projectile        Hex/Tloc       #.....       75%         3    ##.....
 Regeneration             Chrm/Necr      #.........   75%         3    ##.....
 Spectral Weapon          Hex/Chrm       #.......     75%         3    ##.....
 Yara's Violent Unravell  Hex/Tmut       ###.......   92%         5    #####..
 Cause Fear               Hex            #.........   96%         4    ####...
 Leda's Liquefaction      Hex/Erth       #.........   96%         4    ####...
 Metabolic Englaciation   Hex/Ice        ##........   98%         5    #####..


Dungeon Overview and Level Annotations

Branches:
Dungeon (10/15)            Temple (1/1) D:5            Lair (5/6) D:10
 Shoals (0/4) Lair:3       Spider (0/4) Lair:4          Orc (0/2) D:9
  Slime: Lair:5-6

Altars:
Cheibriados
Dithmenos
Elyvilon
Fedhas
Gozag
Hepliaklqana
Kikubaaqudgha
Makhleb
Nemelex Xobeh
Okawaru
Qazlal
Ru
Sif Muna
Trog
Vehumet
Wu Jian
Xom
Yredelemnul
Zin
The Shining One
Beogh

Shops:
D:4 %   D:9 !   Lair:1 =

Annotations:
D:7 Dowan, Duvessa
D:9 3 runed translucent doors, Lanoc's ghost, journeyman FoFi
D:10 1 runed translucent door, DrClinical's ghost, journeyman HOBe
Lair:5 Nessos; Rupert


Innate Abilities, Weirdness & Mutations

You cannot wear most types of armour.
You are very stealthy in the water. (Stealth+)
You are amphibious.
You can wear up to eight rings at the same time.
You can use your tentacles to constrict eight enemies at once.
Your skin changes colour to match your surroundings (Stealth+).
Your rubbery body absorbs attacks. (AC +1, EV +1)


Message History

You reflect the arrow off an invisible shield around you!
The arrow hits Nessos.
The arrow burns Nessos.
Nessos is poisoned.
Nessos shoots an arrow.
The arrow closely misses you.
Nessos mumbles some strange words.
Nessos seems to speed up.
Nessos unwields a +1 longbow of flaming.
It stops flaming.
Nessos hits you!
Nessos blinks!
Okay, then.
Nessos wields a +1 longbow of flaming.
It bursts into flame!
Nessos shoots an arrow.
The arrow completely misses you.
You see here an arrow.
Nessos shoots an arrow.
The arrow misses you.
Nessos shoots an arrow.
The arrow hits you!!
* * * LOW HITPOINT WARNING * * *
The arrow burns you.
* * * LOW HITPOINT WARNING * * *
You see here an arrow.
Nessos shoots an arrow.
The arrow hits you!!
You die...
Your body crumbles into a pile of gold.

##...........................
#.#....#.....#...##....##.PP.
##..####.#....#####..###.#.P.
##.# ##......# ##..# ###...
### ###..### #...###.....
##### ###...####...#PP.....
##...###.#(.#...............
#........(..................
##.......((.@............#..#
#..........#....##....####...
#......(.#..######..## ..P
##..........## #....# ...
#...........# P.P..## ...
#..?.................. ...
#....c............Y....
##............####......
#.............# .#..#.#.


You could see Nessos.

Vanquished Creatures
  A hydra (Lair:4)
  2 catoblepae (Lair:5)
  3 two-headed ogres
  An unseen horror (D:10)
  Pikel (D:5)
  An ugly thing (D:10)
  A deep elf mage (D:9)
  Joseph (D:9)
  2 cyclopes (D:10)
  A merfolk siren (Lair:3)
  4 elephants (Lair:5)
  4 black mambas
  7 spiny frogs
  6 komodo dragons
  2 rime drakes
  A polar bear (Lair:4)
  3 merfolk (Lair:3)
  A queen bee (D:9)
  6 blink frogs (Lair:1)
  8 hippogriffs
  6 dream sheep (Lair:5)
  4 wyverns
  31 yaks
  Eustachio (D:4)
  5 basilisks
  4 hogs (D:7)
  A steam dragon (D:10)
  A hungry ghost (D:7)
  A human (D:7)
  5 water moccasins
  11 porcupines
  5 orc warriors
  3 ice beasts
  2 sky beasts
  5 black bears
  3 ogres
  A necrophage (D:8)
  A phantom (D:8)
  13 wolves
  5 centaurs
  6 crocodiles
  18 bullfrogs
  2 scorpions
  29 killer bees
  An oklob sapling (D:5)
  10 wights
  2 howler monkeys (D:4)
  A crimson imp (D:8)
  2 centaur zombies
  7 hounds
  5 jellies
  7 orc priests
  2 centaur skeletons
  2 bullfrog skeletons
  2 iguanas
  14 orc wizards
  10 worker ants
  3 hound zombies
  A hound skeleton (D:5)
  A howler monkey zombie (D:7)
  11 adders
  3 shadow imps
  2 oozes
  8 worms
  3 dart slugs
  7 leopard geckos
  31 orcs
  4 giant cockroaches
  4 goblins
  14 hobgoblins
  17 jackals
  8 kobolds
  4 quokkas
  A ball python (D:6)
  6 bats
  2 frilled lizards
  A leopard gecko skeleton (D:4)
  14 rats
  A fungus (Lair:5)
  A plant (D:5)
431 creatures vanquished.

Vanquished Creatures (collateral kills)
  A spiny frog (Lair:1)
  A blink frog (Lair:1)
  A dream sheep (Lair:5)
  A wolf (Lair:1)
  A worker ant (D:10)
5 creatures vanquished.

Vanquished Creatures (others)
  3 bushes (D:10)
  16 fungi
  21 plants
40 creatures vanquished.

Grand Total: 476 creatures vanquished

Notes
Turn   | Place    | Note
-------+----------+-------------------------------------------
     0 | D:1      | ohad the Octopode Transmuter began the quest for the Orb.
     0 | D:1      | Reached XP level 1. HP: 13/13 MP: 3/3
    75 | D:1      | Reached XP level 2. HP: 6/18 MP: 1/5
   636 | D:1      | Reached skill level 4 in Unarmed Combat
   653 | D:1      | Reached XP level 3. HP: 20/23 MP: 6/6
   930 | D:1      | Learned a level 2 spell: Sticks to Snakes
   934 | D:1      | Learned a level 3 spell: Spider Form
  1402 | D:2      | Found an ornate altar of the Wu Jian Council.
  1418 | D:2      | Reached XP level 4. HP: 22/28 MP: 5/7
  1880 | D:2      | Reached skill level 5 in Unarmed Combat
  2087 | D:2      | Found a glowing silver altar of Zin.
  2443 | D:3      | Reached XP level 5. HP: 31/33 MP: 6/8
  2742 | D:3      | Found a stormy altar of Qazlal.
  3046 | D:3      | Found a hazy altar of Hepliaklqana.
  3046 | D:3      | Noticed an ogre
  3074 | D:3      | Killed an ogre
  3074 | D:3      | Reached XP level 6. HP: 13/39 MP: 5/9
  3397 | D:4      | Learned a level 4 spell: Ice Form
  3428 | D:4      | Reached skill level 1 in Ice Magic
  3595 | D:4      | Got a transparent fustibalus
  3612 | D:4      | Reached XP level 7. HP: 45/45 MP: 2/11
  4080 | D:4      | Found Sainekarch's Food Shop.
  5309 | D:5      | Entered Level 5 of the Dungeon
  5309 | D:5      | Noticed Eustachio
  5332 | D:4      | HP: 1/45 [Eustachio/+0 falchion (9)]
  5334 | D:4      | Reached XP level 8. HP: 19/50 MP: 4/14
  5338 | D:4      | Killed Eustachio
  5603 | D:5      | Learned a level 5 spell: Blade Hands
  5638 | D:5      | Reached skill level 5 in Spellcasting
  5638 | D:5      | Reached skill level 5 in Transmutations
  5641 | D:5      | Found a sacrificial altar of Ru.
  6205 | D:5      | Found a staircase to the Ecumenical Temple.
  6317 | D:6      | Found an ancient bone altar of Kikubaaqudgha.
  6525 | D:5      | Noticed Pikel
  6542 | D:5      | Killed Pikel
  6542 | D:5      | Reached XP level 9. HP: 35/56 MP: 14/17
  6696 | D:5      | Found a sacrificial altar of Ru.
  7279 | D:6      | Found a bloodstained altar of Trog.
  7431 | D:6      | Reached skill level 6 in Unarmed Combat
  7665 | D:6      | Found a white marble altar of Elyvilon.
  7681 | D:6      | Found a shadowy altar of Dithmenos.
  7713 | D:6      | Reached skill level 7 in Unarmed Combat
  8012 | Temple   | Entered the Ecumenical Temple
  8308 | Temple   | Became a worshipper of Gozag Ym Sagoz the Greedy
  8470 | D:7      | Reached skill level 5 in Fighting
  8799 | D:7      | Reached XP level 10. HP: 50/68 MP: 14/18
  9164 | D:7      | Noticed Dowan
  9165 | D:7      | Noticed Duvessa
  9313 | D:7      | Reached skill level 8 in Unarmed Combat
  9415 | D:7      | Reached skill level 9 in Unarmed Combat
 10360 | D:8      | Reached skill level 10 in Unarmed Combat
 10473 | D:8      | Found a snail-covered altar of Cheibriados.
 10622 | D:8      | Noticed a two-headed ogre
 10630 | D:8      | Killed a two-headed ogre
 10882 | D:8      | Found a shadowy altar of Dithmenos.
 10903 | D:8      | Found a shimmering altar of Xom.
 10903 | D:8      | Found a burning altar of Makhleb.
 11017 | D:8      | Noticed a two-headed ogre
 11027 | D:8      | Killed a two-headed ogre
 11027 | D:8      | Reached skill level 11 in Unarmed Combat
 11027 | D:8      | Reached XP level 11. HP: 56/72 MP: 9/19
 11395 | D:9      | Found a runed translucent gate.
 11396 | D:9      | Found a runed translucent gate.
 11396 | D:9      | Identified the +7 quarterstaff of Yqoleom {venom, rElec rF+
                  | rN++ MR-}
 11396 | D:9      | Identified the cursed +1 chain mail of Going Fast {Int+3}
 11397 | D:9      | Found a runed translucent gate.
 11398 | D:9      | Found a roughly hewn altar of Beogh.
 11400 | D:9      | Noticed Lanoc's ghost (journeyman FoFi)
 11429 | D:9      | Noticed Joseph
 11443 | D:9      | Killed Joseph
 11695 | D:9      | Found Mutotead's Distillery.
 11703 | D:9      | Bought a potion of curing for 48 gold pieces
 11703 | D:9      | Bought a potion of heal wounds for 80 gold pieces
 11703 | D:9      | Bought a potion of berserk rage for 80 gold pieces
 11703 | D:9      | Bought 2 potions of berserk rage for 160 gold pieces
 11703 | D:9      | Bought a potion of curing for 48 gold pieces
 11703 | D:9      | Bought a potion of curing for 48 gold pieces
 11703 | D:9      | Bought a potion of curing for 48 gold pieces
 11703 | D:9      | Bought a potion of lignification for 48 gold pieces
 11737 | D:9      | Found a glowing golden altar of the Shining One.
 11777 | D:9      | Found a deep blue altar of Sif Muna.
 11778 | D:9      | Noticed a deep elf mage
 11790 | D:9      | Killed a deep elf mage
 13494 | D:9      | Found a staircase to the Orcish Mines.
 13550 | D:10     | Entered Level 10 of the Dungeon
 13725 | D:10     | Found a runed translucent door.
 13725 | D:10     | Noticed DrClinical's ghost (journeyman HOBe)
 13725 | D:10     | Noticed an unseen horror
 13733 | D:10     | Killed an unseen horror
 13812 | D:10     | Noticed a two-headed ogre
 13816 | D:10     | Found a staircase to the Lair.
 13831 | D:10     | Noticed a purple ugly thing
 14254 | D:10     | HP: 3/74 [two-headed ogre/+0 giant club (28)]
 14255 | D:10     | Killed a two-headed ogre
 14580 | D:10     | Noticed a cyclops
 14586 | D:10     | Killed a cyclops
 14812 | D:10     | Killed a purple ugly thing
 14827 | D:10     | Noticed a cyclops
 15460 | D:10     | Reached XP level 12. HP: 34/81 MP: 18/21
 15963 | D:10     | HP: 4/98 [cyclops/large rock (45)]
 16642 | D:10     | Reached skill level 5 in Stealth
 16971 | Lair:1   | Entered Level 1 of the Lair of Beasts
 18200 | Lair:1   | Bought an uncursed ring of poison resistance for 200 gold
                  | pieces
 18370 | Lair:2   | Reached skill level 10 in Fighting
 18633 | Lair:2   | Reached skill level 12 in Unarmed Combat
 18653 | Lair:2   | Found the +4 moon troll leather armour {Spirit, Regen++
                  | MP+5}
 19362 | Lair:2   | Reached skill level 13 in Unarmed Combat
 19568 | Lair:2   | Reached XP level 13. HP: 92/92 MP: 18/22
 19917 | Lair:3   | Found a staircase to the Shoals.
 20693 | Lair:3   | Reached skill level 14 in Unarmed Combat
 21721 | Lair:1   | Bought a +4 ring of slaying for 780 gold pieces
 22012 | Lair:4   | Found a hole to the Spider Nest.
 23644 | Lair:5   | Noticed Nessos
 23762 | Lair:5   | Reached skill level 15 in Unarmed Combat
 24374 | Lair:5   | Reached skill level 10 in Dodging
 24767 | Lair:5   | Noticed Rupert
 25201 | Lair:5   | Shot with an arrow by Nessos

Levels and vault maps discovered:
D:1:      scummos_arrival_simple_fountains, layout_loops_ring
D:2:      layout_loops_cross, old_standard_altar, zin_treasury, first_ration,
          chequers_serial_rivers_room_a
D:3:      layout_loops_ring, lemuel_doored_altar, lemuel_coloured_pillars_altar
D:4:      layout_basic, serial_shops, shop, minmay_between
D:5:      layout_cave_pods, lemuel_round_altar, minmay_temple_entry_oklob,
          palyth_stone_intersect, chequers_arboretum,
          nicolae_ru_sacrificial_ziggurat, uniq_eustachio, uniq_pikel
D:6:      layout_basic, elyvilon_altar_5, nicolae_overflow_hidden_temple,
          bloody_trog
D:7:      layout_basic, grunt_livestock, uniq_duvessa
D:8:      layout_gridville, grunt_temple_overflow_champion_of_chaos,
          cheibrodos_worm_habitat, grunt_dithmenos_smoke_and_mirrors
D:9:      layout_loops_ring, kennysheep_little_box, david_orc_4,
          biasface_ghost_orc_armoury, special_room [special_room_bee],
          serial_shops, shop, david_defended_altar_elf, uniq_joseph
D:10:     minmay_the_grid_four_pointed_star [minmay_the_grid_triangle_9x9_alien,
          minmay_the_grid_triangle_9x9_longest,
          minmay_the_grid_triangle_9x9_wacky_v,
          minmay_the_grid_triangle_9x9_warning,
          minmay_the_grid_prize_inner_circle], layout_basic,
          minmay_lair_entry_grove, ebering_ghost_reflecting_pool
Temple:   jpeg_temple_island
Lair:1:   layout_big_grid, minmay_stone_trees_small
Lair:2:   layout_long_grid, chequers_serial_rivers_micro_d, grunt_megastairs_4,
          serial_bayou_shore_b, lemuel_fruit_tree
Lair:3:   layout_long_grid, elwin_shoals_entry_stream, minmay_lindwurm_lava
Lair:4:   layout_regular_city, spider_nest_entry_web_field,
          serial_bayou_shore_b, lemuel_fruit_fields
Lair:5:   layout_small_grid, kennysheep_basilisk_garden, uniq_rupert,
          uniq_nessos

Skill      XL: |  1  2  3  4  5  6  7  8  9 10 11 12 13 |
---------------+----------------------------------------+-----
Unarmed Combat | 4 5 7 11 13 15 | 15.0
Fighting       | 2 3 5 7 10 | 10.1
Stealth        | 2 5 |  5.2
Transmutations | 3 4 5 6 |  6.5
Spellcasting   | 3 4 5 6 |  6.4
Ice Magic      | 2 3 |  3.4
Dodging        | 6 8 9 10 | 10.6

Action                   |  1- 3 |  4- 6 |  7- 9 | 10-12 | 13-15 || total
-------------------------+-------+-------+-------+-------+-------++-------
Melee: Unarmed           |    86 |   137 |   308 |   626 |   231 ||  1388
       Constrict         |    18 |    25 |    25 |    18 |     3 ||    89
       Kick              |     4 |     5 |    17 |     2 |       ||    28
       Tentacles         |    11 |    12 |    21 |    15 |     2 ||    61
       Punch             |     4 |     1 |     7 |     3 |     2 ||    17
Throw: Dart              |       |       |       |    16 |       ||    16
 Cast: Beastly Appendage |     8 |    12 |    12 |     6 |       ||    38
       Sticks to Snakes  |       |     3 |     4 |    32 |    21 ||    60
       Spider Form       |       |     7 |    22 |    11 |     1 ||    41
       Ice Form          |       |       |     6 |    44 |    29 ||    79
       Blade Hands       |       |       |       |       |     1 ||     1
Invok: Potion Petition   |       |       |       |     2 |     1 ||     3
       Call Merchant     |       |       |       |     1 |       ||     1
 Abil: End Transformatio |       |       |     1 |     1 |     1 ||     3
  Use: Scroll            |       |     4 |     5 |    14 |     4 ||    27
       Potion            |       |       |     5 |     7 |     3 ||    15
 Stab: Sleeping          |    11 |     7 |    11 |     7 |     3 ||    39
       Distracted        |       |       |     1 |     3 |     1 ||     5
       Petrified         |       |       |       |       |     2 ||     2
  Eat: Chunk             |     2 |     8 |    16 |       |       ||    26
       Ration            |       |       |     1 |    14 |     6 ||    21
Armor: Skin              |    17 |     1 |    39 |    84 |    20 ||   161
Dodge: Dodged            |    61 |    58 |   230 |   385 |   112 ||   846
Block: Other             |       |       |       |    28 |    20 ||    48
       Reflection        |       |       |       |     1 |     3 ||     4

Table legend:
 A = Non-vault XP
 B = Vault XP
 C = Vault XP percentage of total XP
 D = Non-vault monster count
 E = Vault monster count
 F = Vault count percentage of total count
                 A         B        C        D         E       F
            +---------+---------+-------+---------+---------+-------
      Total |   37512 |   13790 |  26.9 |     345 |      89 |  20.5
            +---------+---------+-------+---------+---------+-------
        D:1 |      61 |       0 |   0.0 |      31 |       0 |   0.0
        D:2 |      94 |       0 |   0.0 |      24 |       0 |   0.0
        D:3 |     263 |       0 |   0.0 |      30 |       0 |   0.0
        D:4 |     660 |     352 |  34.8 |      30 |       4 |  11.8
        D:5 |     578 |     689 |  54.4 |      18 |       2 |  10.0
        D:6 |    1003 |       0 |   0.0 |      23 |       0 |   0.0
        D:7 |    1382 |     985 |  41.6 |      22 |       5 |  18.5
        D:8 |    3404 |     123 |   3.5 |      32 |       3 |   8.6
        D:9 |     217 |    3450 |  94.1 |       5 |      40 |  88.9
       D:10 |    3833 |    5492 |  58.9 |      21 |      25 |  54.3
     Lair:1 |    3475 |       0 |   0.0 |      18 |       0 |   0.0
     Lair:2 |    5617 |     806 |  12.5 |      27 |       3 |  10.0
     Lair:3 |    3843 |    1335 |  25.8 |      18 |       4 |  18.2
     Lair:4 |    3654 |       0 |   0.0 |      14 |       0 |   0.0
     Lair:5 |    9428 |     558 |   5.6 |      32 |       3 |   8.6
            +---------+---------+-------+---------+---------+-------
